[Event "Team 45 45 League T67"]
[Site "Internet Chess Club"]
[Date "2015.12.04"]
[Round "1"]
[White "RD1974"]
[Black "Hal2001"]
[Result "0-1"]
[WhiteElo "1696"]
[BlackElo "1657"]
[Opening "Robatsch defense"]
[ECO "B06"]
[Time "10:31:08"]
[TimeControl "2700+45"]

1. e4 g6 2. d4 Bg7 3. Nc3 c5 4. dxc5 Bxc3+ 5. bxc3 Qa5 6. Qd4 Nf6 7. Qb4 Nc6 8.
Qxa5 Nxa5 9. Bd3 Nc6 10. Nf3 O-O 11. Bf4 Rd8 12. h3 d6 13. cxd6 exd6 14. O-O Be6
15. a4 Rac8 16. Rab1 Rd7 17. Nd4 a6 18. Bg5 Kg7 19. f4 Ne7 20. f5 gxf5 21. e5
Ne4 22. Bxe4 fxe4 23. Rb6 Nc6 24. Bf6+ Kg6 25. Nxe6 fxe6 26. exd6 Rf8 27. Be7
Rxf1+ 28. Kxf1 Nxe7 29. dxe7 Rxe7 30. Ke2 Kf5 31. Ke3 Rc7 32. g4+ Ke5 33. Kd2
Rd7+ 34. Ke3 Rc7 35. Rb3 Rf7 36. h4 h6 37. c4 Rf3+ 38. Ke2 Rf7 39. c5 Kd5 40. g5
hxg5 41. hxg5 Kxc5 42. g6 Rg7 43. Rg3 Kd4 44. c3+ Ke5 45. Ke3 Kf6 46. Kxe4 Rxg6
47. Rxg6+ Kxg6 48. Ke5 Kf7 49. a5 Ke7 50. c4 Kd7 51. c5 Kc6 52. Kd4 e5+ 53. Kc4
e4 54. Kd4 e3 55. Kxe3 Kxc5 56. Kd3 Kb4 57. Kc2 Kxa5 58. Kb3 Kb5 59. Ka3 Kc4 60.
Ka4 Kc3 61. Ka5 b5 {White resigns} 0-1

[Event "Team 45 45 League T67"]
[Site "Internet Chess Club"]
[Date "2015.12.05"]
[Round "1"]
[White "ChessMaine"]
[Black "Bible-Believer"]
[Result "0-1"]
[WhiteElo "1539"]
[BlackElo "1526"]
[Opening "Queen's pawn: stonewall attack"]
[ECO "D00"]
[Time "20:03:35"]
[TimeControl "2700+45"]

1. d4 d5 2. e3 Nf6 3. Bd3 c5 4. c3 Nc6 5. Nf3 e6 6. Nbd2 Bd6 7. O-O O-O 8. Re1
e5 9. dxe5 Nxe5 10. Nxe5 Bxe5 11. Nf3 Bd6 12. e4 dxe4 13. Bxe4 Nxe4 14. Rxe4
Bxh2+ 15. Kxh2 Qxd1 16. Re7 Qd6+ 17. Re5 f6 18. Bf4 fxe5 19. Bxe5 Qb6 20. Ng5
Qh6+ 21. Nh3 Bxh3 {White resigns} 0-1

[Event "Team 45 45 League T67"]
[Site "Internet Chess Club"]
[Date "2015.12.05"]
[Round "1"]
[White "chesskix"]
[Black "seattleblues"]
[Result "1-0"]
[WhiteElo "1520"]
[BlackElo "1407"]
[Opening "Bogo-Indian defense, Nimzovich variation"]
[ECO "E11"]
[Time "20:23:14"]
[TimeControl "2700+45"]

1. Nf3 Nf6 2. d4 e6 3. c4 Bb4+ 4. Bd2 Qe7 5. a3 Bxd2+ 6. Nbxd2 d6 7. e3 Nc6 8.
Be2 O-O 9. O-O e5 10. d5 Nd8 11. Ne1 c6 12. e4 c5 13. Nc2 b6 14. Ne3 Rb8 15. b3
b5 16. cxb5 Bd7 17. a4 Nb7 18. Nec4 Ne8 19. f4 exf4 20. Rxf4 f5 21. exf5 Bxf5
22. Qf1 g6 23. Re1 Ng7 24. Bd1 Qc7 25. Ne4 Bxe4 26. Rexe4 Rbe8 27. Rxe8 Rxe8 28.
Bg4 Qe7 29. Rf6 Nf5 30. Re6 Qf8 31. Bxf5 gxf5 32. Qf4 Rxe6 33. dxe6 Qf6 34. Qg3+
Qg7 35. e7 Qxg3 36. e8=Q+ {Black resigns} 1-0

[Event "Team 45 45 League T67"]
[Site "Internet Chess Club"]
[Date "2015.12.07"]
[Round "1"]
[White "Conjurer"]
[Black "kingsrook"]
[Result "0-1"]
[WhiteElo "1152"]
[BlackElo "1383"]
[Opening "Queen's pawn"]
[ECO "A40"]
[Time "17:02:37"]
[TimeControl "2700+45"]

1. d4 e6 2. Bf4 Nf6 3. e3 d5 4. Nf3 c5 5. c3 Nc6 6. Nbd2 Bd6 7. Bg3 O-O 8. Be2
b6 9. O-O Qc7 10. Bh4 Ne4 11. Nxe4 dxe4 12. d5 exd5 13. Ng5 Rd8 14. g3 h6 15.
Nxf7 Qxf7 16. Bb5 Bd7 17. Bxd8 Rxd8 18. Qa4 Bh3 19. Rfe1 Qf3 20. Bf1 Bxf1 21.
Rxf1 Ne5 22. Qxa7 Rb8 23. Qa4 Qe2 24. Qd1 Qd3 25. Kg2 Ra8 26. f4 Nc4 27. Qxd3
exd3 28. Kf2 Nxb2 29. Rab1 Nc4 30. Ke1 Rxa2 {White resigns} 0-1

[Event "Team 45 45 League T67"]
[Site "Internet Chess Club"]
[Date "2015.12.04"]
[Round "1"]
[White "krysto"]
[Black "rubo"]
[Result "0-1"]
[WhiteElo "1632"]
[BlackElo "1611"]
[Opening "Budapest: Adler variation"]
[ECO "A52"]
[Time "17:11:19"]
[TimeControl "2700+45"]

1. d4 Nf6 2. c4 e5 3. dxe5 Ng4 4. Nf3 Nc6 5. e4 Bc5 6. Bg5 Bxf2+ 7. Ke2 f6 8.
exf6 gxf6 9. Bh4 Bxh4 10. Nxh4 Qe7 11. Nc3 Qc5 12. Kd2 Qd4+ 13. Bd3 Qf2+ 14. Be2
Qe3+ 15. Ke1 Nd4 16. Rf1 O-O 17. Nf5 Nxf5 18. Rxf5 Ne5 19. Qd5+ Kg7 20. Nd1 Qg1+
21. Kd2 d6 22. Rf1 Qxg2 23. Ne3 Qxh2 24. Rg1+ Ng6 25. Rg2 Qe5 26. Nf5+ Kh8 27.
Qxe5 fxe5 28. Rh1 Bxf5 29. exf5 Nf4 30. Rgh2 Rf7 31. Bh5 Nxh5 32. Rxh5 Rg8 33.
R1h3 Rg2+ 34. Kc3 Rf2 35. Rh6 R2xf5 36. Re6 Rf3+ {White resigns} 0-1

[Event "Team 45 45 League T67"]
[Site "Internet Chess Club"]
[Date "2015.12.05"]
[Round "1"]
[White "nosir"]
[Black "Berke"]
[Result "1/2-1/2"]
[WhiteElo "1453"]
[BlackElo "1542"]
[Opening "French defense"]
[ECO "A04"]
[Time "09:00:38"]
[TimeControl "2700+45"]

1. Nf3 e6 2. e4 d5 3. exd5 exd5 4. d3 Nc6 5. Be2 a6 6. Be3 Bd6 7. c3 Nge7 8. O-O
Bg4 9. Qd2 O-O 10. h3 Bh5 11. Bf4 Bxf3 12. Bxf3 Ne5 13. Be2 N7g6 14. Bh2 f5 15.
d4 Nc4 16. Qc2 Bxh2+ 17. Kxh2 Qd6+ 18. Kh1 Nf4 19. Bf3 c6 20. b3 Nb6 21. Nd2
Rae8 22. Rae1 Qf6 23. Re3 Nc8 24. Rfe1 Rxe3 25. Rxe3 Nd6 26. Kh2 Ne4 27. Nf1
{Game drawn by mutual agreement} 1/2-1/2

[Event "Team 45 45 League T67"]
[Site "Internet Chess Club"]
[Date "2015.12.04"]
[Round "1"]
[White "QuimCatala"]
[Black "g8wrb"]
[Result "1-0"]
[WhiteElo "1394"]
[BlackElo "1256"]
[Opening "French: advance variation"]
[ECO "C02"]
[Time "12:00:31"]
[TimeControl "2700+45"]

1. e4 e6 2. e5 d5 3. d4 c5 4. c3 Nc6 5. Be3 cxd4 6. cxd4 Qb6 7. Qd2 Bb4 8. Nc3
Bd7 9. Nf3 Rc8 10. Rc1 Nge7 11. Bd3 Ng6 12. O-O O-O 13. a3 Be7 14. Ne2 Na5 15.
Rc3 Bb5 16. Rfc1 Rxc3 17. Rxc3 Bxd3 18. Rxd3 Rc8 19. b4 Nc4 20. Qc1 Nd6 21. Rc3
Rxc3 22. Qxc3 Nc4 23. Nd2 Qc6 24. Nxc4 Qxc4 25. Qxc4 dxc4 26. Nc3 a6 27. g3 Nf8
28. h4 Nd7 29. f4 f5 30. d5 exd5 31. Nxd5 Bf8 32. e6 Nf6 33. Nxf6+ gxf6 34. Bd4
Be7 35. Kf2 Kg7 36. Ke2 Kg6 37. Kd2 Kh5 38. Kc3 b5 39. Bf2 Kg6 40. Bc5 Bxc5 41.
bxc5 Kg7 42. c6 Kf8 43. c7 {Black resigns} 1-0

[Event "Team 45 45 League T67"]
[Site "Internet Chess Club"]
[Date "2015.12.05"]
[Round "1"]
[White "SeniorCitizen"]
[Black "tamky70"]
[Result "1/2-1/2"]
[WhiteElo "1347"]
[BlackElo "1335"]
[Opening "King's pawn opening"]
[ECO "B07"]
[Time "15:00:35"]
[TimeControl "2700+45"]

1. e4 d6 2. d4 g6 3. Nf3 Bg7 4. Be2 Nf6 5. e5 dxe5 6. Nxe5 Nbd7 7. Nxd7 Qxd7 8.
c3 O-O 9. O-O c6 10. h3 Qc7 11. Be3 e5 12. Nd2 exd4 13. Bxd4 Be6 14. Nf3 Nd7 15.
Bxg7 Kxg7 16. Qd4+ Nf6 17. Qd2 Rfd8 18. Qc2 Bf5 19. Qb3 Bd3 20. Bxd3 Rxd3 21.
Rad1 Rad8 22. Rxd3 Rxd3 23. Rd1 Rxd1+ 24. Qxd1 Qd7 25. Qe2 Qe8 26. Kf1 Qe4 27.
Qxe4 Nxe4 28. Ke2 Kf6 29. Nd2 Nxd2 30. Kxd2 Ke5 31. Ke3 g5 32. g4 h6 33. f3 b6
34. b3 a5 35. c4 c5 36. a3 f6 37. a4 f5 38. Kd3 fxg4 39. hxg4 Kf4 40. Ke2 Ke5
41. Ke3 Kf6 42. Ke4 Ke6 43. f4 gxf4 44. Kxf4 Kf6 45. Ke4 Ke6 46. Kf4 Kf6 47. Ke4
Ke6 {Game drawn by mutual agreement} 1/2-1/2

[Event "Team 45 45 League T67"]
[Site "Internet Chess Club"]
[Date "2015.12.04"]
[Round "1"]
[White "dabodhi"]
[Black "mongmong"]
[Result "0-1"]
[WhiteElo "1431"]
[BlackElo "1611"]
[Opening "French: Winawer, advance variation"]
[ECO "C18"]
[Time "20:02:48"]
[TimeControl "2700+45"]

1. e4 e6 2. d4 d5 3. Nc3 Bb4 4. e5 c5 5. a3 Bxc3+ 6. bxc3 Qa5 7. Bd2 Qa4 8. Qb1
c4 9. f4 Ne7 10. Nf3 Nbc6 11. Be2 Bd7 12. O-O O-O-O 13. Nh4 Qa5 14. Nf3 f6 15.
Qb2 Rdf8 16. Rab1 Qc7 17. Kh1 fxe5 18. Nxe5 Nxe5 19. fxe5 Bc6 20. Bg4 Qd7 21.
Qb4 Ng6 22. Bh5 Rf7 23. Qd6 Rxf1+ 24. Rxf1 Qxd6 25. exd6 Rf8 26. Kg1 Rxf1+ 27.
Kxf1 Be8 28. Bg4 Kd7 29. g3 Kxd6 30. h4 Ne7 31. Bf4+ Kd7 32. Be5 g6 33. Bf3 Nc6
34. Bf6 a6 35. g4 Na7 36. Ke2 Nb5 37. Kd2 Nxa3 38. h5 Nb5 39. hxg6 Bxg6 40. g5
Nd6 41. Be5 Be4 42. Bh5 Nb5 43. Bg4 a5 44. Bg7 a4 45. Bf8 Nd6 46. Bxd6 Kxd6 47.
Kc1 Bf5 48. Bd1 e5 49. Kb2 e4 50. Ka3 b5 51. Bh5 e3 52. Be2 Bxc2 53. Kb4 Bd3 54.
Bd1 e2 55. Bxe2 Bxe2 56. Ka3 Ke6 {White resigns} 0-1

[Event "Team 45 45 League T67"]
[Site "Internet Chess Club"]
[Date "2015.12.06"]
[Round "1"]
[White "rhayder"]
[Black "jjaillet2007"]
[Result "0-1"]
[WhiteElo "1376"]
[BlackElo "1321"]
[Opening "French: exchange variation"]
[ECO "C01"]
[Time "21:18:05"]
[TimeControl "2700+45"]

1. e4 e6 2. d4 d5 3. exd5 exd5 4. Nc3 Nf6 5. Nf3 Bg4 6. Be2 c5 7. O-O Nc6 8. h3
Bxf3 9. Bxf3 cxd4 10. Nb5 Qb6 11. a4 a6 12. Na3 Bxa3 13. Rxa3 O-O 14. Rd3 Rfe8
15. c3 dxc3 16. bxc3 Ne5 17. Rd4 Nxf3+ 18. Qxf3 Rac8 19. Be3 Rxc3 20. Rf4 Qe6
21. Bd4 {White resigns} 0-1

[Event "Team 45 45 League T67"]
[Site "Internet Chess Club"]
[Date "2015.12.05"]
[Round "1"]
[White "Just-Jim"]
[Black "stantheman59"]
[Result "0-1"]
[WhiteElo "1347"]
[BlackElo "1243"]
[Opening "KP: Nimzovich defense"]
[ECO "B00"]
[Time "18:33:54"]
[TimeControl "2700+45"]

1. e4 Nc6 2. d4 e6 3. f4 d5 4. e5 Bb4+ 5. c3 Ba5 6. Nf3 h6 7. Be2 Bd7 8. O-O f6
9. Nh4 Nge7 10. Bh5+ g6 11. Nxg6 Nxg6 12. Bxg6+ Ke7 13. exf6+ Kd6 14. b4 Qxf6
15. Bh5 Bb6 16. b5 Ke7 17. Ba3+ Kd8 18. bxc6 Bxc6 19. Bg4 Kd7 20. Re1 Rae8 21.
Bh5 Reg8 22. Qf3 Rg7 23. f5 exf5 24. Re5 Qxe5 25. Nd2 Bxd4+ 26. cxd4 Qxd4+ 27.
Kh1 Qxa1+ 28. Nf1 Rg5 29. Bf7 Qxa2 30. Kg1 d4 31. Bxa2 Bxf3 32. Kf2 Rxg2+ 33.
Kxf3 Rxa2 34. Bc5 d3 35. Ke3 Ra1 36. Nd2 Re8+ 37. Kxd3 Rh1 38. Nf3 b6 39. Be3 a5
40. Bxh6 a4 41. Bd2 b5 42. Bb4 f4 43. Ng5 Rxh2 44. Ne4 Kc6 45. Nf6 f3 46. Nxe8
f2 47. Ke2 Kd5 48. Nf6+ Kc4 49. Ba5 a3 50. Bxc7 a2 51. Be5 b4 52. Ng4 f1=Q+ 53.
Kxf1 a1=Q+ 54. Bxa1 Rh1+ 55. Ke2 Rxa1 56. Ne3+ Kb5 57. Nc2 Ra2 58. Kd3 Rb2 59.
Nd4+ Ka4 60. Kc4 Rh2 61. Kd3 b3 62. Kc3 Rh3+ 63. Kb2 Rh2+ 64. Kb1 b2 65. Ka2 Kb4
66. Nc6+ Kc3 67. Ne7 Rh1 68. Nd5+ Kc2 69. Ne3+ Kc1 {White resigns} 0-1

[Event "Team 45 45 League T67"]
[Site "Internet Chess Club"]
[Date "2015.12.03"]
[Round "1"]
[White "chips"]
[Black "bhandelman"]
[Result "1/2-1/2"]
[WhiteElo "1186"]
[BlackElo "1284"]
[Opening "Queen's pawn game"]
[ECO "D05"]
[Time "08:11:40"]
[TimeControl "2700+45"]

1. Nf3 d5 2. d4 Nf6 3. e3 e6 4. g3 Be7 5. Bg2 O-O 6. O-O Nbd7 7. Nbd2 b6 8. c4
Bb7 9. b3 Bb4 10. a3 Bxd2 11. Nxd2 c5 12. cxd5 Bxd5 13. Bxd5 Nxd5 14. Bb2 f6 15.
dxc5 Nxc5 16. b4 Nd3 17. Qb3 Nc7 18. Bd4 Ne5 19. Bxe5 fxe5 20. Rad1 Qd5 21. Qc4
Rac8 22. Qxd5 exd5 23. Rc1 d4 24. exd4 exd4 25. Rfe1 Rfd8 26. Re7 Nb5 27. Rxc8
Rxc8 28. a4 Rc2 29. axb5 Rxd2 30. Rxa7 Rb2 31. Rb7 Rxb4 32. Rxb6 d3 33. Rd6 Rb3
34. b6 d2 35. Rxd2 Rxb6 36. Rd8+ Kf7 37. Rd7+ Kg8 38. Rd8+ {Game drawn by mutual
agreement} 1/2-1/2

[Event "Team 45 45 League T67"]
[Site "Internet Chess Club"]
[Date "2015.12.06"]
[Round "1"]
[White "GideonL"]
[Black "Electryon"]
[Result "0-1"]
[WhiteElo "1463"]
[BlackElo "1401"]
[Opening "French: exchange variation"]
[ECO "C01"]
[Time "10:16:23"]
[TimeControl "2700+45"]

1. e4 e6 2. d4 d5 3. exd5 Qxd5 4. Nc3 Qd8 5. Nf3 Nf6 6. Bg5 Be7 7. Be2 b6 8. O-O
Bb7 9. Bxf6 Bxf6 10. Ne5 O-O 11. f4 Nc6 12. Nxc6 Bxc6 13. Kh1 Qxd4 14. Qxd4 Bxd4
15. Rad1 Rad8 16. Bd3 Rd7 17. h3 Rfd8 18. a3 {White resigns} 0-1

[Event "Team 45 45 League T67"]
[Site "Internet Chess Club"]
[Date "2015.12.04"]
[Round "1"]
[White "Aquaman"]
[Black "guyd52"]
[Result "1-0"]
[WhiteElo "1319"]
[BlackElo "1314"]
[Opening "Caro-Kann: Gurgenidze system"]
[ECO "B15"]
[Time "20:02:08"]
[TimeControl "2700+45"]

1. d4 d5 2. e4 c6 3. Nc3 g6 4. Nf3 dxe4 5. Nxe4 Bg7 6. Be3 Bf5 7. Ng3 Bg4 8. c3
Nf6 9. Be2 Qd5 10. h3 Be6 11. b3 Nbd7 12. O-O h5 13. Ng5 h4 14. Bf3 Qd6 15. Nxe6
Qxe6 16. Ne2 O-O-O 17. Nf4 Qf5 18. Qd3 Qxd3 19. Nxd3 Nb6 20. Ne5 Rhf8 21. Rfd1
Nfd5 22. Bg4+ e6 23. Nxf7 Nxc3 24. Re1 Bxd4 25. Bxd4 Rxd4 26. Bxe6+ Kc7 27. Ng5
Rd2 28. Nf3 Rxa2 29. Rxa2 Nxa2 30. Bg4 Rd8 31. Nxh4 Rd3 32. Nxg6 Rxb3 33. Re7+
Kb8 34. Ne5 Rb1+ 35. Kh2 Rf1 36. Kg3 Nc3 37. Nd3 Nbd5 38. Rf7 Ne4+ 39. Kh4 Rd1
40. Bxd1 {Black resigns} 1-0

[Event "Team 45 45 League T67"]
[Site "Internet Chess Club"]
[Date "2015.12.06"]
[Round "1"]
[White "Conjurer"]
[Black "artspir"]
[Result "1-0"]
[WhiteElo "1194"]
[BlackElo "1190"]
[Opening "Queen's pawn, Mason variation"]
[ECO "D00"]
[Time "13:01:35"]
[TimeControl "2700+45"]

1. d4 d5 2. Bf4 c6 3. Nf3 Nf6 4. e3 Nbd7 5. c4 Ne4 6. Bd3 Ndf6 7. h3 Bf5 8. O-O
e6 9. Nc3 Be7 10. cxd5 cxd5 11. Qa4+ Qd7 12. Bb5 Qxb5 13. Qxb5+ Nd7 14. Ne5 Nd6
15. Qxd7+ Kf8 16. Rac1 Bd3 17. Nxd3 a5 18. Bxd6 Bxd6 19. Qxd6+ Kg8 20. Nb5 h6
21. Qc7 Kh7 22. Ne5 Rhc8 23. Qxf7 Rf8 24. Qg6+ Kg8 25. Rc7 {Black resigns} 1-0

[Event "Team 45 45 League T67"]
[Site "Internet Chess Club"]
[Date "2015.12.07"]
[Round "1"]
[White "bugeyes"]
[Black "WilmaP"]
[Result "0-1"]
[WhiteElo "1065"]
[BlackElo "1211"]
[Opening "Caro-Kann defense"]
[ECO "B15"]
[Time "13:01:44"]
[TimeControl "2700+45"]

1. e4 c6 2. d4 d5 3. Nc3 e6 4. Nf3 Nd7 5. Bd3 Ngf6 6. e5 Ne4 7. Nxe4 dxe4 8.
Bxe4 c5 9. c3 Be7 10. O-O O-O 11. Re1 f6 12. exf6 Nxf6 13. Bc2 Qc7 14. Ng5 h6
15. Nxe6 Qd6 16. Nxf8 Ng4 17. g3 Kxf8 18. Bf4 Qf6 19. f3 Bd6 20. Bxd6+ Qxd6 21.
fxg4 Bd7 22. dxc5 Qc6 23. Qd6+ Qxd6 24. cxd6 Bxg4 25. Re7 Rd8 26. Rd1 Bxd1 27.
Bxd1 Rxd6 28. Re1 Rd2 29. b4 Rxa2 30. Re2 Ra1 31. Re1 Rc1 32. Kf2 Rxc3 33. Bf3
b6 34. Re3 Rc2+ 35. Re2 Rc4 36. Re4 Rc2+ 37. Ke3 Rxh2 38. Kf4 g5+ 39. Ke3 Rb2
40. Rd4 Rb3+ 41. Kd2 Rxf3 42. Rd8+ Kg7 43. Rd7+ Rf7 {White resigns} 0-1

[Event "Team 45 45 League T67"]
[Site "Internet Chess Club"]
[Date "2015.12.05"]
[Round "1"]
[White "THE-WARRIOR"]
[Black "alexping"]
[Result "0-1"]
[WhiteElo "1684"]
[BlackElo "1940"]
[Opening "Benoni defense"]
[ECO "A56"]
[Time "11:08:17"]
[TimeControl "2700+45"]

1. d4 Nf6 2. c4 c5 3. e3 e6 4. Nc3 d5 5. Nf3 Nc6 6. Bd3 Be7 7. O-O O-O 8. a3 Re8
9. Ne5 dxc4 10. Nxc6 bxc6 11. Bxc4 cxd4 12. exd4 Bb7 13. Be3 Nd5 14. Nxd5 cxd5
15. Bd3 Qb6 16. Qe2 a5 17. Qc2 g6 18. Rfd1 Rec8 19. Qe2 Bf6 20. Rab1 Ba6 21. Qf3
Bg7 22. b4 Bxd3 23. Rxd3 Rc4 24. b5 a4 25. Qe2 Rac8 26. Qb2 Rc2 27. Qb4 R8c4 28.
Qe7 Bf8 29. Qe8 Rc8 30. Qd7 R2c7 {White resigns} 0-1

[Event "Team 45 45 League T67"]
[Site "Internet Chess Club"]
[Date "2015.12.05"]
[Round "1"]
[White "bobhill"]
[Black "Tobiasdelmonte"]
[Result "0-1"]
[WhiteElo "1946"]
[BlackElo "1812"]
[Opening "Queen's pawn game, Krause variation"]
[ECO "D02"]
[Time "10:02:28"]
[TimeControl "2700+45"]

1. d4 d5 2. Nf3 c5 3. Bg5 Nf6 4. e3 Qb6 5. Nbd2 Bg4 6. Bxf6 gxf6 7. dxc5 Qxc5 8.
c3 Nc6 9. h3 Bf5 10. Qb3 Bh6 11. Be2 O-O 12. g4 Be6 13. Nd4 Bd7 14. Nf5 Bxf5 15.
gxf5 Kh8 16. Qa4 d4 17. Nb3 Qxf5 18. Nxd4 Nxd4 19. Qxd4 Rad8 20. Qa4 Qd5 21. Rg1
Qd2+ 22. Kf1 Qxb2 23. Re1 Qxc3 24. Qh4 Bg5 25. Qh5 Qc8 26. f4 Qf5 27. Bg4 Qd3+
28. Re2 f5 29. Qxg5 fxg4 30. Qxe7 Qa6 31. Rxg4 Qh6 32. Rh4 Qg6 33. Rg4 Qh6 34.
h4 Rc8 35. Kf2 Rce8 36. Qxb7 Qh5 37. Qf3 Qh6 38. Qd5 Rd8 39. Qc5 Qe6 40. Qc3+ f6
41. Rg3 Rd7 42. Rd2 Re7 43. h5 Qe4 44. Rd8 Ree8 45. Qc7 Rg8 46. Rxg8+ Kxg8 47.
Rxe8+ Qxe8 48. h6 Qg6 49. Qb8+ Kf7 50. Qxa7+ Ke8 51. Qa4+ Kd8 52. Qa5+ Kd7 53.
Qa7+ Kc6 54. Qa4+ Kb6 55. Qd4+ Ka5 56. Qd5+ Ka4 57. Qb3+ Ka5 58. a4 Ka6 59. Qb5+
Ka7 60. a5 Qxh6 61. Qb6+ Ka8 62. Qc6+ Ka7 63. Qb6+ Ka8 64. Ke2 Qh5+ 65. Kd3 Qd1+
66. Ke4 Qc2+ 67. Kd5 Qf5+ 68. Kd6 h5 69. a6 Qd3+ 70. Ke6 Qe4+ 71. Kxf6 h4 72.
Kg5 Qe7+ 73. Kg4 Qg7+ 74. Kf3 Qg3+ 75. Ke2 Qg2+ 76. Kd3 h3 77. e4 Qf3+ 78. Kc2
Qxe4+ 79. Kb2 Qg2+ 80. Ka3 h2 81. a7 Qb7 82. Qd8+ Kxa7 83. Qd4+ Ka6 84. Qa4+ Kb6
85. Qb4+ Kc7 86. Qe7+ Kb8 87. Qe5+ Ka7 88. Qd4+ Qb6 89. Qd7+ Ka6 90. Qd3+ Qb5
91. Qd6+ Kb7 92. Qe7+ Kb6 93. Qd8+ Kc5 94. Qe7+ Kd4 95. Qf6+ Ke3 96. Qe6+ Kd2
97. Qe4 Qd3+ {White resigns} 0-1

[Event "Team 45 45 League T67"]
[Site "Internet Chess Club"]
[Date "2015.12.06"]
[Round "1"]
[White "Gojira"]
[Black "kanishka"]
[Result "1-0"]
[WhiteElo "1686"]
[BlackElo "1714"]
[Opening "Queen's Pawn"]
[ECO "A41"]
[Time "23:47:17"]
[TimeControl "2700+45"]

1. d4 d6 2. Bf4 Nd7 3. Nf3 h6 4. h3 Ngf6 5. e3 g5 6. Bh2 g4 7. hxg4 Nxg4 8. Be2
Nxh2 9. Rxh2 Bg7 10. Qd3 c5 11. c3 cxd4 12. exd4 Nf6 13. Qb5+ Bd7 14. Qxb7 Rb8
15. Qxa7 Rxb2 16. Qa3 Qb8 17. Nbd2 O-O 18. Bc4 Rb6 19. Bb3 e5 20. Nc4 Rc6 21. d5
Rcc8 22. Nxd6 Rxc3 23. Nxe5 Bg4 24. Nexf7 Rxf7 25. Rh4 Qf8 26. Qb4 Rfc7 27. Qf4
Qe7+ 28. Ne4 Rxb3 29. d6 Qe6 30. dxc7 Rc3 31. Kf1 Nxe4 32. Rxg4 Rc4 33. Rc1 Qc6
34. Re1 Nd2+ 35. Qxd2 Qxc7 36. Qd5+ {Black resigns} 1-0

[Event "Team 45 45 League T67"]
[Site "Internet Chess Club"]
[Date "2015.12.07"]
[Round "1"]
[White "Beetlejuice"]
[Black "fireball"]
[Result "1-0"]
[WhiteElo "1749"]
[BlackElo "1616"]
[Opening "Budapest: Rubinstein variation"]
[ECO "A52"]
[Time "13:06:06"]
[TimeControl "2700+45"]

1. d4 Nf6 2. c4 e5 3. dxe5 Ng4 4. Bf4 Nc6 5. Nf3 Bb4+ 6. Nbd2 Qe7 7. e3 Ngxe5 8.
Nxe5 Nxe5 9. Be2 a5 10. a3 Bxd2+ 11. Qxd2 d6 12. O-O b6 13. b4 O-O 14. c5 bxc5
15. bxc5 Rd8 16. cxd6 cxd6 17. Rfc1 g5 18. Bg3 g4 19. Rc3 h5 20. Rac1 h4 21. Rc7
Qf6 22. Bf4 Be6 23. e4 Qg6 24. Qe3 Rab8 25. Kf1 Rb3 26. R7c3 Rxc3 27. Rxc3 Rb8
28. Ke1 Rb1+ 29. Kd2 Rb2+ 30. Kc1 Rb8 31. Qd4 h3 32. gxh3 gxh3 33. Rg3 Ng4 34.
Bxg4 Rb3 35. Bf3 Qxg3 36. fxg3 Rxf3 37. Bxd6 Rf1+ 38. Kd2 Rh1 39. g4 Bxg4 40.
Qe5 Be6 41. Qxa5 Rb1 42. Qg5+ Kh7 43. Be5 {Black resigns} 1-0

[Event "Team 45 45 League T67"]
[Site "Internet Chess Club"]
[Date "2015.12.03"]
[Round "1"]
[White "LittleButton"]
[Black "mejker"]
[Result "1/2-1/2"]
[WhiteElo "1867"]
[BlackElo "1913"]
[Opening "Queen's pawn game"]
[ECO "A46"]
[Time "15:00:20"]
[TimeControl "2700+45"]

1. d4 Nf6 2. Nf3 d6 3. Bg5 g6 4. Nbd2 Bg7 5. e4 O-O 6. Be2 c5 7. d5 e6 8. dxe6
Bxe6 9. c3 Qb6 10. Qc2 Nbd7 11. O-O Ne5 12. Rfd1 h6 13. Nxe5 dxe5 14. Bxf6 Bxf6
15. Nc4 Qc7 16. Ne3 h5 17. Bc4 Rfd8 18. Bd5 Kg7 19. Rd3 c4 20. Rdd1 Bg5 21. Bxe6
fxe6 22. Qe2 b5 23. g3 {Game drawn by mutual agreement} 1/2-1/2

[Event "Team 45 45 League T67"]
[Site "Internet Chess Club"]
[Date "2015.12.08"]
[Round "1"]
[White "CaptK"]
[Black "hudson"]
[Result "1/2-1/2"]
[WhiteElo "1900"]
[BlackElo "1737"]
[Opening "King's Indian: London system"]
[ECO "A48"]
[Time "10:00:27"]
[TimeControl "2700+45"]

1. d4 Nf6 2. Nf3 g6 3. Bf4 Bg7 4. e3 O-O 5. Be2 d6 6. h3 b6 7. O-O Bb7 8. c4
Nbd7 9. Nc3 Ne4 10. Nxe4 Bxe4 11. Rc1 e5 12. Bh2 Qe7 13. b4 a5 14. b5 Rfe8 15.
Re1 h5 16. Qd2 Rad8 17. Red1 Kh7 18. Bf1 Bxf3 19. gxf3 exd4 20. exd4 Qf6 21. Bg2
Bh6 22. f4 Qf5 23. Re1 Nf6 24. Rxe8 Rxe8 25. f3 Qe6 26. Kf2 Bg7 27. d5 Qf5 28.
Bf1 Nd7 29. Kg2 Nc5 30. Re1 Rxe1 31. Qxe1 Qc2+ 32. Qe2 Qxe2+ 33. Bxe2 Na4 34.
Bd3 Nc3 35. a3 Bd4 36. Bg1 Bxg1 37. Kxg1 Kg7 38. Kf2 Na4 {Game drawn by mutual
agreement} 1/2-1/2

[Event "Team 45 45 League T67"]
[Site "Internet Chess Club"]
[Date "2015.12.05"]
[Round "1"]
[White "Bryant-L"]
[Black "JefferyChess"]
[Result "1-0"]
[WhiteElo "1749"]
[BlackElo "1897"]
[Opening "Giuoco Piano"]
[ECO "C50"]
[Time "14:00:26"]
[TimeControl "2700+45"]

1. e4 e5 2. Nf3 Nc6 3. Bc4 Bc5 4. O-O Nf6 5. d3 d6 6. Nc3 h6 7. Be3 Bb6 8. h3
Be6 9. Nd2 O-O 10. Qe2 Nd4 11. Bxd4 Bxd4 12. Nd1 c6 13. c3 Bb6 14. Bb3 Re8 15.
Ne3 d5 16. exd5 cxd5 17. Nf3 Bc7 18. d4 e4 19. Nd2 a6 20. a4 Bf4 21. Rfe1 Bxe3
22. fxe3 Rc8 23. Rec1 Bd7 24. c4 dxc4 25. Bxc4 Qa5 26. Nb3 Qb4 27. Nc5 b5 28.
Nxa6 Qd6 29. axb5 Be6 30. Bxe6 Rxc1+ 31. Rxc1 Rxe6 32. Nc5 Re8 33. Ra1 Qb6 34.
Ra6 Qc7 35. b6 Qd6 36. b7 Qd5 37. b4 Rb8 38. Qa2 Kh7 39. Ra8 Qxa2 40. Rxa2 Nd5
41. Ra8 Rxb7 42. Nxb7 Nxb4 43. Nd6 Kg6 44. Nxe4 Nd5 45. Kf2 f6 46. Ra5 {Black
resigns} 1-0

[Event "Team 45 45 League T67"]
[Site "Internet Chess Club"]
[Date "2015.12.06"]
[Round "1"]
[White "pokerram"]
[Black "bradleyguo175"]
[Result "0-1"]
[WhiteElo "1696"]
[BlackElo "1636"]
[Opening "Réti: King's Indian attack"]
[ECO "A05"]
[Time "19:00:29"]
[TimeControl "2700+45"]

1. Nf3 Nf6 2. g3 g6 3. b3 Bg7 4. Bb2 d6 5. d4 O-O 6. Bg2 Nc6 7. O-O Bg4 8. Nbd2
Qd7 9. c4 Bh3 10. d5 Nb4 11. a3 Na6 12. Re1 Nc5 13. Rb1 Nce4 14. Nxe4 Nxe4 15.
Bxg7 Kxg7 16. Qd4+ Nf6 17. Bxh3 Qxh3 18. Qh4 Qxh4 19. Nxh4 c6 20. e4 Nd7 21. f4
e5 22. f5 g5 23. Nf3 f6 24. dxc6 bxc6 25. Rbd1 Nc5 26. Rxd6 Nxb3 27. Red1 c5 28.
Rd7+ Kg8 29. R1d5 Nd4 30. Nd2 Rfc8 31. R5d6 Rf8 32. Rd5 Rfc8 33. R5d6 Rf8 34.
Rc7 Rad8 35. Rd5 Nc2 36. Kf2 Nxa3 37. Rcxc5 Nc2 38. Ra5 Nb4 39. Rxa7 Nxd5 40.
exd5 Rf7 41. Ra4 Rc7 42. Ne4 Kf7 43. d6 Rb7 44. c5 Rb2+ 45. Kf3 Rc2 46. Ra7+ Kf8
47. Rc7 h5 48. c6 Ra8 49. Nxf6 Ra5 50. Rc8+ Kf7 51. Nxh5 Rd5 52. Rc7+ Kf8 53. d7
Rcd2 54. Rc8+ Kf7 55. Rc7 Kf8 56. Nf6 R5d4 57. Rc8+ Kf7 58. Ne4 g4+ 59. Ke3
R4d3# {White checkmated} 0-1